 Dungeon Crawl Stone Soup version 0.24-a0-439-g6dd8730 (webtiles) character file.

Game seed: 17261416762317336596

551719 CanOfBees the Slayer (level 26, -7/278 HPs)
             Began as an Ogre Hunter on June 19, 2019.
             Was a High Priest of Okawaru.
             Killed from afar by a ynoxinul (19 damage)
             ... with an iron shot
             ... on level 3 of the Abyss on June 20, 2019.
             The game lasted 04:44:08 (110876 turns).

CanOfBees the Slayer (Ogre Hunter)                Turns: 110876, Time: 04:44:09

Health: -7/278     AC: 23    Str: 32      XL:     26   Next: 89%
Magic:  28/28      EV: 18    Int: 17 (18) God:    Okawaru [*****.]
Gold:   4891       SH: 26    Dex:  8 (10) Spells: 34/37 levels left

rFire    + . .     SeeInvis +   b - +7 broad axe (elec)
rCold    + . .     Gourm    .   X - +2 large shield
rNeg     . . .     Faith    .   u - +3 gold dragon scales
rPois    +         Spirit   .   z - +2 hat {SInv}
rElec    +         Reflect  .   V - +2 cloak {MR+}
rCorr    .         Harm     .   (gloves unavailable)
MR       +++..                  (boots unavailable)
Stlth    ..........             d - amulet of Trog's Brutal Revenge {Regen+ Slay+2}
HPRegen  0.00/turn              S - ring "Damnable Contraption" {rElec Int+6 Stlth+}
MPRegen  0.21/turn              Z - +5 ring of evasion

@: heroism, berserk cooldown
A: large, unfitting armour, hooves 1, [blurry vision 1], deformed body, frail 1,
low mp 1, [inhibited regeneration], strong 1, tough skin 1, no potion heal 1,
sturdy frame 1
}: 2/15 runes: decaying, serpentine
a: Heroism, Finesse, Renounce Religion


You were on level 3 of the Abyss.
You worshipped Okawaru.
Okawaru was extremely pleased with you.
You were not hungry.

You visited 8 branches of the dungeon, and saw 42 of its levels.
You visited the Abyss 3 times.
You also visited: Trove and Sewer.

You collected 5459 gold pieces.
You spent 568 gold pieces at shops.

Inventory:

Hand Weapons
 a - a +6 broad axe of chopping
 b - a +7 broad axe of electrocution (weapon)
Missiles
 i - 31 atropa-tipped darts
 m - 4 throwing nets
 r - 67 stones
 w - 127 poisoned darts
 B - 9 curare-tipped darts
 D - 102 large rocks
 L - 8 silver javelins (quivered)
 M - 9 datura-tipped darts
Armour
 u - +3 gold dragon scales (worn)
 z - a +2 hat of see invisible (worn)
 V - a +2 cloak of magic resistance (worn)
 X - a +2 large shield (worn)
Jewellery
 d - the amulet of Trog's Brutal Revenge (around neck) {Regen+ Slay+2}
   (You found it in a treasure trove)

   [amulet of regeneration]

   It affects your accuracy and damage with ranged weapons and melee attacks
   (+2).
   It increases your rate of regeneration.
 l - an uncursed ring of resist corrosion
 n - an uncursed ring of protection from fire
 N - an uncursed ring of positive energy
 S - the ring "Damnable Contraption" (left hand) {rElec Int+6 Stlth+}
   (You found it in a treasure trove)

   [ring of stealth]

   It affects your intelligence (+6).
   It insulates you from electricity.
   It makes you more stealthy.
 Z - a +5 ring of evasion (right hand)
Wands
 c - a wand of digging (6)
 q - a wand of paralysis (25)
 x - a wand of polymorph (10)
 E - a wand of acid (11)
 H - a wand of iceblast (6)
 I - a wand of flame (37)
 R - a wand of scattershot (3)
 U - a wand of disintegration (20)
Scrolls
 j - 2 scrolls of holy word
 o - 8 scrolls of identify
 p - 19 scrolls of remove curse
 s - 19 scrolls of teleportation
 y - 3 scrolls of fear
 K - 3 scrolls of amnesia
 O - 2 scrolls of torment
 T - 2 scrolls of silence
 Y - 7 scrolls of magic mapping
Potions
 e - a potion of mutation
 g - 6 potions of flight
 k - 3 potions of resistance
 t - 4 potions of haste
 v - 2 potions of lignification
 A - 3 potions of cancellation
 C - a potion of heal wounds
 G - 4 potions of brilliance
 J - 2 potions of might
 P - 2 potions of ambrosia
 Q - 8 potions of curing
Miscellaneous
 F - 2 boxes of beasts
 W - 2 sacks of spiders
Comestibles
 f - 36 rations


   Skills:
 - Level 26.0(27) Fighting
 - Level 18.0(23.0) Axes
 * Level 20.5(25.5) Throwing
 - Level 10.0(15.0) Armour
 + Level 18.4(23.4) Dodging
 - Level 0.6(5.6) Stealth
 - Level 15.0(20.0) Shields
 - Level 6.1 Spellcasting
 - Level 4.1 Translocations
 - Level 4.0 Transmutations
 - Level 10.0 Invocations


You had 34 spell levels left.
You knew the following spells:

 Your Spells              Type           Power        Failure   Level  Hunger
a - Apportation           Tloc           ###...       21%         1    None
b - Sticks to Snakes      Tmut           ###.....     32%         2    None

Your spell library contained the following spells:

 Spells                   Type           Power        Failure   Level  Hunger
 Beastly Appendage        Tmut           ###...       22%         1    None
 Blink                    Tloc           N/A          30%         2    None
 Gell's Gravitas          Tloc           ###.......   52%         3    ##.....
 Animate Skeleton         Necr           N/A          73%         1    None
 Confusing Touch          Hex            #.....       73%         1    None
 Flame Tongue             Conj/Fire      #....        73%         1    None
 Infusion                 Chrm           #...         73%         1    None
 Magic Dart               Conj           #...         73%         1    None
 Shock                    Conj/Air       #...         73%         1    None
 Summon Butterflies       Summ           #.......     73%         1    None
 Summon Small Mammal      Summ           #...         73%         1    None
 Recall                   Summ/Tloc      N/A          80%         3    ##.....
 Spider Form              Tmut/Pois      ##........   82%         3    ##.....
 Call Imp                 Summ           #.......     86%         2    None
 Corpse Rot               Necr           N/A          86%         2    None
 Ensorcelled Hibernation  Hex/Ice        #.....       86%         2    None
 Searing Ray              Conj           #.....       86%         2    None
 Slow                     Hex            #.......     86%         2    None
 Swiftness                Chrm/Air       #.......     86%         2    None
 Call Canine Familiar     Summ           #.......     97%         3    ##.....
 Confuse                  Hex            #.......     97%         3    ##.....
 Conjure Flame            Conj/Fire      #.......     97%         3    ##.....
 Dazzling Spray           Conj/Hex       #.....       97%         3    ##.....
 Mephitic Cloud           Conj/Pois/Air  #.......     97%         3    ##.....
 Regeneration             Chrm/Necr      #.........   97%         3    ##.....
 Static Discharge         Conj/Air       #.......     97%         3    ##.....
 Stone Arrow              Conj/Erth      #.....       97%         3    ##.....
 Force Lance              Conj/Tloc      ##......     99%         4    ####...
 Ice Form                 Ice/Tmut       ##......     99%         4    ####...
 Petrify                  Tmut/Erth      ##......     99%         4    ####...
 Blade Hands              Tmut           ###.......   99%         5    #####..
 Airstrike                Air            #.........   100%        4    ####...
 Cause Fear               Hex            #.........   100%        4    ####...
 Fulminant Prism          Conj/Hex       #.........   100%        4    ####...
 Iskenderun's Mystic Bla  Conj           #.......     100%        4    ####...
 Leda's Liquefaction      Hex/Erth       #.........   100%        4    ####...
 Summon Ice Beast         Ice/Summ       #.......     100%        4    ####...
 Aura of Abjuration       Summ           #.........   100%        5    #####..
 Bolt of Magma            Conj/Fire/Erth #.........   100%        5    #####..
 Borgnjor's Vile Clutch   Necr/Erth      #.........   100%        5    #####..
 Fireball                 Conj/Fire      #.........   100%        5    #####..
 Irradiate                Conj/Tmut      ##........   100%        5    #####..
 Iskenderun's Battlesphe  Conj/Chrm      #.......     100%        5    #####..
 Lightning Bolt           Conj/Air       #.........   100%        5    #####..
 Metabolic Englaciation   Hex/Ice        #.........   100%        5    #####..
 Silence                  Hex/Air        #.........   100%        5    #####..
 Summon Demon             Summ           #.........   100%        5    #####..
 Summon Forest            Summ/Tloc      ##........   100%        5    #####..
 Summon Mana Viper        Hex/Summ       #.......     100%        5    #####..
 Venom Bolt               Conj/Pois      #.........   100%        5    #####..
 Yara's Violent Unravell  Hex/Tmut       ##........   100%        5    #####..
 Bolt of Fire             Conj/Fire      #.........   100%        6    #######
 Conjure Ball Lightning   Conj/Air       #.........   100%        6    #######
 Darkness                 Hex            #.........   100%        6    #######
 Deflect Missiles         Chrm/Air       #.........   100%        6    #######
 Hydra Form               Tmut           ###.......   100%        6    #######
 Iron Shot                Conj/Erth      #.........   100%        6    #######
 Shadow Creatures         Summ           N/A          100%        6    #######
 Statue Form              Tmut/Erth      ##.......    100%        6    #######
 Dragon Form              Tmut           ###.......   100%        7    #######
 Malign Gateway           Summ/Tloc      ##........   100%        7    #######
 Orb of Destruction       Conj           #.........   100%        7    #######
 Spellforged Servitor     Conj/Summ      #.........   100%        7    #######
 Summon Hydra             Summ           #.........   100%        7    #######
 Discord                  Hex            #.........   100%        8    #######
 Dragon's Call            Summ           #.........   100%        9    #######


Dungeon Overview and Level Annotations

Branches:
Dungeon (15/15)            Temple (0/1) D:7            Lair (6/6) D:10
  Swamp (4/4) Lair:4        Snake (4/4) Lair:3        Slime (1/5) Lair:6
    Orc (2/2) D:10            Elf (0/3) Orc:2        Vaults (5/5) D:14
  Crypt (0/3) Vaults:3     Depths (5/5) D:15            Zot (0/5) Depths:5

Altars:
Dithmenos
Elyvilon
Gozag
Hepliaklqana
Kikubaaqudgha
Makhleb
Nemelex Xobeh
Okawaru
Ru
Sif Muna
Uskayaw
Vehumet
Yredelemnul
Zin
The Shining One
Beogh
Jiyva

Shops:
D:4 [   Orc:2 =([%   Snake:3 }   Snake:4 (   Vaults:3 ?[(:   Depths:1 =
Depths:2 }}=

Portals:
Hell: Depths:1 Depths:2 Depths:3 Depths:4 Depths:5
Abyss: Depths:1 Depths:3 Depths:4 Depths:5
Pandemonium: Depths:1 Depths:2 Depths:3
Ziggurat: Depths:5

Annotations:
D:12 3 runed translucent doors, Wyvernaa's ghost, journeyman GrFi
Lair:3 exclusion: 2 oklob plants
Snake:2 1 runed translucent door, knot's ghost, journeyman DsBe


Innate Abilities, Weirdness & Mutations

You are too large for most types of armour.
You have tough skin. (AC +1)
You have large cloven feet.
Armour fits poorly on your strangely shaped body.
You are frail. (-10% HP)
Your magical capacity is low. (-10% MP)
Your muscles are strong. (Str +2)
Potions are less effective at restoring your health.
Your movements are slightly less encumbered by armour. (ER -2)
[Scrolls take you a little longer to read.]
[You do not regenerate when monsters are visible.]


Message History

The ynoxinul is moderately wounded.
You closely miss the ufetubus. You slash the ufetubus!
Lightning courses through the ufetubus!!
You kill the ufetubus!
You slash the ufetubus! Lightning courses through the ufetubus!
You kill the ufetubus!
You block the ynoxinul's attack. You block the ufetubus's attack. x2
You slice the ynoxinul!! Your kick misses the ynoxinul.
The ynoxinul is almost dead.
You slice the ufetubus!!
You kill the ufetubus!
You feel yourself speed up.
The ynoxinul gestures.
You closely miss the ynoxinul. Your kick misses the ynoxinul.
The ynoxinul is almost dead.
You slice the ufetubus!!
You kill the ufetubus!
The ynoxinul gestures at you. The iron shot hits you!!
You die...

# #).# ..#
.# #....._.#
..# ...#
#...... '
##..
#†....###...
. # .
#......## ..
. .. .#
#.......#
... .#
#..#....# ..
#..##.(## #
#..#(@(#
#....3(#
#...5(5#
#..##≈(.#
#..#.(:##
... ....
.... .:.?.#
.## .#.###
####.


You could see a ynoxinul and 2 ufetubi.

Vanquished Creatures
  Mara (Depths:2)
  Mennas (Depths:5)
  2 ancient liches (Depths:2)
  A juggernaut (Depths:4)
  Boris (Depths:5)
  the Lernaean hydra (Swamp:4)
  Saint Roka (Depths:2)
  Frederick (Depths:1)
  Nikola (Depths:2)
  2 profane servitors (Abyss:1)
  Jory (Depths:4)
  the Enchantress (Depths:2)
  2 golden dragons
  The ghost of ICEMaiden the Thaumaturge, an adept GnWz of Ashenzari (Depths:2)
  6 bone dragons
  2 hellephants
  2 tentacled monstrosities (Depths:3)
  Jorgrun (Orc:1)
  3 Hell Sentinels
  Asterion (Depths:1)
  8 liches
  2 Executioners (Abyss:1)
  22 tentacled starspawn
  7 acid blobs (Slime:1)
  6 ancient champions
  Agnes (D:15)
  3 thorn hunters
  A draconian monk (Depths:5)
  2 storm dragons
  2 tengu reavers
  A daeva (Abyss:1)
  2 shadow dragons
  6 nagarajas (Snake:4)
  An orc warlord (Orc:2)
  An iron dragon (Depths:3)
  2 draconian scorchers
  12 vault wardens
  5 frost giants
  9 fire giants
  A curse skull (Depths:2)
  3 draconian shifters
  Aizul (D:15)
  A deep elf elementalist (Abyss:1)
  9 ironheart preservers
  2 reapers
  4 spriggan defenders
  22 stone giants
  18 very ugly things
  6 entropy weavers
  A caustic shrike skeleton (Depths:3)
  A draconian annihilator (Depths:5)
  An ophan (Abyss:1)
  4 vampire knights
  4 black draconians
  4 deep elf demonologists (Depths:2)
  The ghost of Pyaxtot the Fencer, a journeyman BaWn of Ru (Lair:5)
  A green draconian (Abyss:1)
  5 spark wasps
  A dire elephant (D:15)
  2 deep elf annihilators
  45 small abominations
  A purple draconian (Abyss:3)
  3 white draconians
  A red draconian (Depths:5)
  2 blizzard demons
  A crystal guardian (Vaults:2)
  An eidolon (Abyss:1)
  2 green deaths (Depths:4)
  9 ettins
  A deep elf death mage (Vaults:2)
  Erolcha (Orc:1)
  8 great orbs of eyes
  13 fire dragons
  11 yaktaur captains
  Harold (D:8)
  28 hydras
  2 shambling mangroves (Swamp:2)
  7 rakshasas
  A ghost crab (Swamp:4)
  7 spriggan air magi (Depths:2)
  5 naga warriors
  23 anacondas
  2 ice dragons (Depths:1)
  A catoblepas (Lair:6)
  9 vault guards
  An anaconda (shapeshifter) (Depths:5)
  9 centaur warriors
  21 two-headed ogres
  8 ogre magi
  A vampire mage (Abyss:1)
  2 deep troll shamans (Depths:1)
  8 tengu warriors
  15 alligators
  6 deep troll earth magi
  3 orc high priests (Orc:2)
  10 spriggan berserkers
  21 thrashing horrors
  8 hell knights
  A storm dragon zombie (Depths:3)
  2 sun demons (Depths:2)
  11 naga sharpshooters
  8 shock serpents
  7 soul eaters (Depths:2)
  6 deep elf knights
  3 salamander mystics
  Nergalle (D:10)
  2 sixfirhies (Abyss:1)
  16 wretched stars
  11 skeletal warriors
  2 shadow wraiths (Abyss:1)
  6 spatial maelstroms
  A shadow demon (Depths:2)
  13 deep trolls
  6 glowing orange brains
  3 sea snakes (Snake:1)
  13 naga ritualists
  6 unseen horrors
  9 wizards
  An obsidian statue (Depths:2)
  3 flayed ghosts
  A glowing orange brain (shapeshifter) (Vaults:3)
  A spriggan druid (Depths:3)
  10 swamp dragons
  A wolf spider zombie (D:15)
  16 deep elf magi
  6 deep elf archers
  5 harpies (Vaults:4)
  12 ironbrand convokers
  8 necromancers
  2 sphinx zombies (Depths:3)
  A shining eye (shapeshifter) (Depths:3)
  2 fire giant zombies
  12 mana vipers
  12 orc knights
  A sphinx skeleton (Depths:3)
  An oklob plant (Lair:6)
  43 ugly things
  2 salamanders (shapeshifter) (Vaults:2)
  17 salamanders
  A shining eye (Abyss:1)
  7 orc sorcerers
  4 wolf spiders
  A shadow dragon skeleton (Depths:2)
  6 cyclopes
  5 elephants (Lair:5)
  A manticore (D:15)
  A frost giant skeleton (Abyss:1)
  Maurice (D:8)
  3 apocalypse crabs
  10 smoke demons
  10 guardian serpents
  12 worldbinders
  42 black mambas
  12 vault sentinels
  29 naga magi
  Joseph (D:8)
  An eye of devastation (Slime:1)
  A shock serpent skeleton (Abyss:1)
  5 rust devils
  A dire elephant zombie (Abyss:1)
  14 spiny frogs
  A black mamba (shapeshifter) (Vaults:2)
  2 torpor snails
  A spiny frog (shapeshifter) (Vaults:4)
  3 rime drakes
  7 orange demons
  6 gargoyles
  4 kobold demonologists
  2 hellions
  A demonic crawler (Abyss:1)
  5 ice devils
  6 efreet
  6 freezing wraiths
  A tormentor (Abyss:1)
  An elf zombie (Depths:3)
  2 hellwings
  3 tengu conjurers
  12 komodo dragons
  43 yaktaurs
  7 trolls
  A silent spectre (Abyss:1)
  7 polar bears
  14 tyrant leeches
  3 red devils
  A queen bee (shapeshifter) (Vaults:4)
  9 ancient zymes
  49 slime creatures
  A jumping spider (Vaults:4)
  16 hornets
  13 blink frogs
  50 large abominations
  12 hippogriffs
  4 bog bodies
  7 dream sheep
  37 raiju
  A frost giant simulacrum (Depths:3)
  A stone giant simulacrum (Vaults:3)
  2 fire giant simulacra
  2 shadows
  Sigmund (D:4)
  13 ynoxinuls
  8 flying skulls (Abyss:1)
  A spriggan skeleton (Depths:2)
  10 redbacks
  A fire dragon skeleton (Abyss:3)
  A tarantella (Vaults:2)
  60 starcursed masses (Abyss:1)
  A human (Depths:2)
  A spriggan (shapeshifter) (Depths:2)
  22 spriggans
  9 wraiths
  10 basilisks
  5 wyverns
  49 yaks
  A yak (shapeshifter) (Vaults:2)
  A fire bat (shapeshifter) (Vaults:3)
  A hog (shapeshifter) (Vaults:3)
  11 vampire mosquitoes
  4 fire bats (Abyss:1)
  A golden eye (Abyss:1)
  9 chaos spawn
  2 yaktaur simulacra
  9 neqoxecs
  3 hungry ghosts
  10 wargs
  14 swamp worms
  19 insubstantial wisps
  45 nagas
  7 spatial vortices
  3 soldier ants
  12 water moccasins
  2 acid dragons
  5 hell hounds (Abyss:3)
  5 porcupines
  A merfolk skeleton (Abyss:1)
  15 swamp drakes
  4 eyes of draining
  52 orc warriors
  5 sky beasts
  3 black bears
  An ettin simulacrum (Depths:3)
  An ice beast (D:14)
  An eye of draining (shapeshifter) (Depths:2)
  4 necrophages
  3 phantoms
  22 ogres
  21 boggarts
  15 centaurs
  41 wolves
  A swamp dragon skeleton (Abyss:1)
  A crocodile (shapeshifter) (Depths:3)
  9 crocodiles
  5 big kobolds
  16 bullfrogs
  A wyvern zombie (D:14)
  A big kobold (shapeshifter) (Vaults:2)
  A gnoll sergeant (Orc:1)
  A wyvern skeleton (D:10)
  A hornet simulacrum (D:14)
  2 scorpions (D:12)
  A troll zombie (D:10)
  14 killer bees
  4 wights (Abyss:1)
  2 electric eels (Snake:1)
  24 crimson imps
  2 howler monkeys
  2 centaur zombies
  9 hounds
  7 quasits
  4 bullfrog zombies
  5 human zombies (D:7)
  4 jellies
  32 orc priests
  29 orc wizards
  2 bullfrog skeletons
  3 iguanas
  5 human skeletons
  6 iron imps
  A merfolk siren (Sewer)
  13 worker ants
  A merfolk avatar (Sewer)
  7 ogre zombies (D:10)
  A mummy (D:7)
  A worker ant zombie (D:9)
  8 gnolls
  2 howler monkey skeletons
  22 adders
  3 river rats
  8 shadow imps
  8 white imps
  11 ufetubi
  2 oozes
  2 adder skeletons
  An adder zombie (D:7)
  2 worms
  2 dart slugs
  10 leopard geckos
  126 orcs
  7 ball pythons
  6 bats
  9 giant cockroaches
  8 hobgoblins
  9 jackals
  24 kobolds
  A quokka (D:1)
  12 frilled lizards
  8 goblins
  A goblin zombie (D:10)
  A hobgoblin skeleton (D:10)
  3 hobgoblin zombies (D:10)
  A leopard gecko skeleton (D:6)
  5 orc skeletons (D:10)
  16 orc zombies
  37 rats
  A crawling corpse (Vaults:2)
  3 fungi
  2 plants (Lair:6)
  14 starspawn tentacles
2448 creatures vanquished.

Vanquished Creatures (collateral kills)
  A nagaraja (Snake:4)
  2 vault guards (Vaults:1)
  An anaconda (Snake:4)
  An orc sorcerer (Orc:2)
  A yaktaur (Vaults:1)
  A tengu conjurer (Vaults:1)
  A naga (Snake:4)
  An orc wizard (Orc:2)
  An orc (Orc:2)
10 creatures vanquished.

Vanquished Creatures (others)
  A fire giant (Vaults:3)
  An angel (Abyss:1)
  A centaur warrior (D:14)
  An alligator (Swamp:3)
  A naga sharpshooter (Snake:4)
  A wolf spider zombie (D:14)
  A vault sentinel (Vaults:2)
  A naga mage (Vaults:1)
  A warg (Orc:2)
  A raiju (Abyss:3)
  An ogre (Vaults:2)
  A boggart (Vaults:3)
  2 quasits
  3 orcs
  17 fungi
  A lurking horror (Abyss:1)
  13 plants
  36 starspawn tentacles
84 creatures vanquished.

Grand Total: 2542 creatures vanquished

Notes
Turn   | Place    | Note
-------+----------+-------------------------------------------
     0 | D:1      | CanOfBees the Ogre Hunter began the quest for the Orb.
     0 | D:1      | Reached XP level 1. HP: 22/22 MP: 1/1
   150 | D:1      | Reached skill level 3 in Fighting
   192 | D:1      | Reached XP level 2. HP: 31/31 MP: 2/2
   613 | D:1      | Reached XP level 3. HP: 37/37 MP: 3/3
  1359 | D:2      | Found an opulent altar of Gozag.
  1492 | D:2      | Reached XP level 4. HP: 32/48 MP: 4/4
  1561 | D:2      | Reached skill level 4 in Fighting
  1568 | D:2      | Reached skill level 1 in Axes
  1902 | D:2      | Reached XP level 5. HP: 52/54 MP: 5/5
  3071 | D:3      | Reached skill level 5 in Throwing
  3071 | D:3      | Reached XP level 6. HP: 65/65 MP: 6/6
  3084 | D:3      | Found a glowing drain.
  3120 | Sewer    | Entered a sewer
  3624 | Sewer    | Reached skill level 5 in Fighting
  4767 | D:3      | Found a burning altar of Makhleb.
  5137 | D:4      | Noticed a phantom
  5166 | D:4      | Killed a phantom
  5166 | D:4      | Reached XP level 7. HP: 48/72 MP: 7/7
  5993 | D:4      | Reached skill level 6 in Fighting
  6015 | D:4      | Found Zoutagu's Antique Armour Shoppe.
  6103 | D:4      | Noticed Sigmund
  6115 | D:4      | Killed Sigmund
  6115 | D:4      | Reached XP level 8. HP: 84/84 MP: 8/8
  6525 | D:4      | Found a shadowy altar of Dithmenos.
  6528 | D:4      | Found a glowing silver altar of Zin.
  6579 | D:5      | Entered Level 5 of the Dungeon
  7129 | D:5      | Reached skill level 7 in Fighting
  7884 | D:6      | Reached skill level 5 in Dodging
  8449 | D:6      | Found an iron altar of Okawaru.
  8455 | D:6      | Became a worshipper of Warmaster Okawaru
  8739 | D:5      | Reached skill level 1 in Invocations
  9091 | D:6      | Reached XP level 9. HP: 80/94 MP: 8/10
  9161 | D:6      | Reached skill level 5 in Axes
  9409 | D:6      | Reached skill level 8 in Fighting
 10173 | D:7      | Got a fine arbalest
 10803 | D:7      | Found a sparkling altar of Nemelex Xobeh.
 11017 | D:7      | Reached * piety under Okawaru
 11210 | D:7      | Found a staircase to the Ecumenical Temple.
 11610 | D:7      | Found a basalt altar of Yredelemnul.
 11878 | D:7      | Reached ** piety under Okawaru
 11878 | D:7      | Reached skill level 9 in Fighting
 12383 | D:8      | Found a sacrificial altar of Ru.
 12386 | D:8      | Found a glowing golden altar of the Shining One.
 12386 | D:8      | Found a hazy altar of Hepliaklqana.
 12541 | D:8      | Reached XP level 10. HP: 105/105 MP: 13/13
 12542 | D:8      | Noticed Joseph
 12558 | D:8      | Killed Joseph
 12558 | D:8      | Reached skill level 1 in Shields
 12910 | D:8      | Noticed Maurice
 12927 | D:8      | Killed Maurice
 12927 | D:8      | Reached skill level 5 in Invocations
 13086 | D:8      | Noticed Harold
 13097 | D:8      | Killed Harold
 13097 | D:8      | Reached *** piety under Okawaru
 13274 | D:8      | Identified the +8 arbalest of the Walnut {venom, *Corrode
                  | rElec rPois SInv} (You found it on level 7 of the Dungeon)
 13481 | D:9      | Found a white marble altar of Elyvilon.
 13596 | D:9      | Found an ancient bone altar of Kikubaaqudgha.
 14039 | D:9      | Reached **** piety under Okawaru
 14669 | D:9      | Found a deep blue altar of Sif Muna.
 14671 | D:9      | Found a radiant altar of Vehumet.
 14675 | D:9      | Identified Sif Muna's Collected Works on Dislocation
 14805 | D:10     | Entered Level 10 of the Dungeon
 15075 | D:10     | Noticed a green ugly thing
 15078 | D:10     | Killed a green ugly thing
 15078 | D:10     | Reached skill level 10 in Fighting
 15150 | D:10     | Noticed a gargoyle
 15169 | D:10     | Killed a gargoyle
 15169 | D:10     | Reached XP level 11. HP: 40/116 MP: 16/16
 15462 | D:10     | Received a gift from Okawaru
 15918 | D:10     | Found a staircase to the Lair.
 16021 | D:10     | Received a gift from Okawaru
 16090 | D:10     | Found a staircase to the Orcish Mines.
 16515 | D:10     | Reached skill level 11 in Fighting
 16887 | D:10     | Noticed Nergalle
 16911 | D:10     | Killed Nergalle
 16911 | D:10     | Reached ***** piety under Okawaru
 16917 | D:10     | Received a gift from Okawaru
 17681 | D:11     | Noticed a two-headed ogre
 17690 | Lair:1   | Entered Level 1 of the Lair of Beasts
 17768 | Lair:1   | Reached skill level 5 in Shields
 18055 | Lair:1   | Received a gift from Okawaru
 18185 | Lair:1   | Found the +8 glaive of the Guard {elec, +Rage AC+5 SInv}
 18278 | Lair:1   | Received a gift from Okawaru
 18523 | Lair:1   | Reached XP level 12. HP: 44/130 MP: 11/18
 19126 | Lair:1   | Reached skill level 1 in Armour
 19320 | Lair:2   | Received a gift from Okawaru
 19618 | Lair:2   | Learned a level 1 spell: Apportation
 19657 | Lair:2   | Reached skill level 12 in Fighting
 19937 | Lair:2   | Reached skill level 1 in Spellcasting
 22013 | Lair:3   | Noticed a six-headed hydra
 22037 | Lair:3   | Noticed a four-headed hydra
 22639 | Lair:3   | Killed a four-headed hydra
 23168 | Lair:3   | Found a staircase to the Snake Pit.
 24014 | Lair:3   | Noticed a four-headed hydra
 24020 | Lair:3   | Killed a four-headed hydra
 24020 | Lair:3   | Received a gift from Okawaru
 24259 | Lair:3   | Noticed a four-headed hydra
 24271 | Lair:3   | Killed a four-headed hydra
 24271 | Lair:3   | Received a gift from Okawaru
 24272 | Lair:3   | Got a twisted dire flail {god gift}
 24735 | Lair:3   | Killed a seven-headed hydra
 24735 | Lair:3   | Reached XP level 13. HP: 139/139 MP: 12/19
 24889 | Lair:3   | Reached skill level 13 in Fighting
 25055 | Lair:4   | Identified the +5 dire flail of Glory {crush, rC+} (Okawaru
                  | gifted it to you on level 3 of the Lair of Beasts)
 25060 | Lair:4   | Found a staircase to the Swamp.
 25391 | Lair:4   | Reached skill level 10 in Axes
 25668 | Lair:4   | Reached skill level 10 in Throwing
 26407 | Lair:5   | Received a gift from Okawaru
 27199 | Lair:5   | Found a runed translucent gate.
 27199 | Lair:5   | Found a runed translucent gate.
 27199 | Lair:5   | Found a runed translucent gate.
 27200 | Lair:5   | Noticed Pyaxtot's ghost (journeyman BaWn)
 27617 | Lair:6   | Entered Level 6 of the Lair of Beasts
 28398 | Lair:5   | Received a gift from Okawaru
 29008 | Lair:6   | Received a gift from Okawaru
 29763 | Lair:5   | Reached skill level 14 in Fighting
 29793 | Lair:5   | Received a gift from Okawaru
 30591 | Lair:6   | Reached XP level 14. HP: 154/154 MP: 20/20
 31711 | Lair:6   | Reached skill level 5 in Spellcasting
 32540 | Lair:6   | Found a staircase to the Slime Pits.
 32540 | Lair:6   | Found a viscous altar of Jiyva.
 34859 | D:11     | Received a gift from Okawaru
 35103 | D:11     | Reached skill level 10 in Shields
 35103 | D:11     | Reached XP level 15. HP: 165/165 MP: 23/23
 36323 | D:12     | Reached skill level 15 in Fighting
 36356 | D:12     | Found a runed translucent gate.
 36357 | D:12     | Found a runed translucent gate.
 36360 | D:12     | Noticed Wyvernaa's ghost (journeyman GrFi)
 36363 | D:12     | Found a runed translucent gate.
 37138 | D:13     | Received a gift from Okawaru
 37506 | D:13     | Learned a level 2 spell: Sticks to Snakes
 38224 | D:14     | Reached skill level 1 in Transmutations
 38872 | D:14     | Reached XP level 16. HP: 83/176 MP: 25/25
 39337 | D:14     | Identified the +3 flail of Sor Napn {pain, rF- rC+ Str+3
                  | Int+3}
 39374 | D:14     | Found a gate to the Vaults.
 40266 | D:14     | Found the +12 glaive of Prune {chop}
 40329 | D:15     | Entered Level 15 of the Dungeon
 40827 | D:15     | Reached skill level 16 in Fighting
 41289 | D:15     | Found a staircase to the Depths.
 41920 | D:15     | Found a portal to a secret trove of treasure.
 41954 | Trove    | Entered a treasure trove
 41959 | Trove    | Got a glittering lead ring
 41967 | Trove    | Got a vibrating bone ring
 41973 | Trove    | Got an ancient pewter ring
 41980 | Trove    | Got a brightly glowing bone ring
 41982 | Trove    | Got a clouded iron amulet
 41987 | Trove    | Got a glittering silver ring
 42486 | Orc:1    | Entered Level 1 of the Orcish Mines
 42746 | Orc:2    | Entered Level 2 of the Orcish Mines
 42746 | Orc:2    | Found a staircase to the Elven Halls.
 43716 | Orc:2    | Found a roughly hewn altar of Beogh.
 44543 | Orc:2    | Found a roughly hewn altar of Beogh.
 44677 | Orc:2    | Found a roughly hewn altar of Beogh.
 45247 | Orc:2    | Found Ytuolasm's Antique Weapon Shoppe.
 45248 | Orc:2    | Found a roughly hewn altar of Beogh.
 45252 | Orc:2    | Found Wiumm's Antique Armour Emporium.
 45434 | Orc:2    | Found a roughly hewn altar of Beogh.
 45441 | Orc:2    | Found Baufuis's Jewellery Shoppe.
 45739 | Orc:2    | Gained mutation: You are weak. (Str -2) [a neqoxec]
 45741 | Orc:2    | Found a roughly hewn altar of Beogh.
 45948 | Orc:2    | Found Huiluj's Food Emporium.
 46034 | Orc:2    | Found a roughly hewn altar of Beogh.
 46173 | Orc:1    | Noticed Jorgrun
 46247 | Orc:1    | Noticed Erolcha
 46439 | Orc:1    | Killed Jorgrun
 47550 | Orc:1    | Killed Erolcha
 48009 | Swamp:1  | Entered Level 1 of the Swamp
 48490 | Swamp:1  | Reached XP level 17. HP: 185/187 MP: 26/26
 48881 | Swamp:1  | Found a burning altar of Makhleb.
 49034 | Swamp:1  | Got a smoking morningstar
 49036 | Swamp:1  | Identified the +2 morningstar of Fyustrol {chaos, *Noise
                  | +Inv rN++ Dex+3} (You found it on level 1 of the Swamp)
 49792 | Lair:4   | Found a staircase to the Swamp.
 52829 | Swamp:3  | Reached skill level 15 in Shields
 52843 | Swamp:3  | HP: 9/187 [tyrant leech (15)]
 52852 | Swamp:3  | HP: 5/187 [six-headed hydra (8)]
 55286 | Swamp:4  | Entered Level 4 of the Swamp
 56020 | Swamp:3  | Received a gift from Okawaru
 57342 | Swamp:4  | Noticed the 27-headed Lernaean hydra
 57716 | Swamp:4  | Received a gift from Okawaru
 60960 | Swamp:4  | Killed the 27-headed Lernaean hydra
 60960 | Swamp:4  | Received a gift from Okawaru
 60960 | Swamp:4  | Reached skill level 17 in Fighting
 60960 | Swamp:4  | Reached XP level 18. HP: 200/200 MP: 25/27
 61495 | Swamp:4  | Got a decaying rune of Zot
 62926 | Snake:1  | Entered Level 1 of the Snake Pit
 64454 | Snake:1  | You fall into a shaft and drop 1 floor!
 65178 | Snake:1  | Reached skill level 10 in Dodging
 65468 | Snake:2  | Found a runed translucent door.
 65468 | Snake:2  | Noticed knot's ghost (journeyman DsBe)
 65901 | Snake:2  | Received a gift from Okawaru
 68054 | D:15     | Identified the ring "Qufe Era" {*Drain +Blink MR+ Dex+4
                  | Stlth-} (You found it in a treasure trove)
 68055 | D:15     | Identified the ring "Damnable Contraption" {rElec Int+6
                  | Stlth+} (You found it in a treasure trove)
 68551 | Snake:3  | Found a hide-covered altar of Uskayaw.
 68843 | D:15     | Identified the ring of Gieh {rPois rC+} (You found it in a
                  | treasure trove)
 69324 | Snake:3  | Received a gift from Okawaru
 69392 | Snake:3  | Reached skill level 15 in Axes
 69931 | Snake:3  | Reached skill level 18 in Fighting
 70120 | Snake:3  | Found Nagacupp's Gadget Shoppe.
 70173 | Snake:3  | Received a gift from Okawaru
 71094 | Snake:3  | Received a gift from Okawaru
 71486 | D:15     | Identified the ring "Voefelin" {*Corrode rF- Str+3 Slay+6
                  | SInv} (You found it in a treasure trove)
 71769 | Snake:4  | Entered Level 4 of the Snake Pit
 72360 | Snake:4  | Reached XP level 19. HP: 143/211 MP: 28/28
 72727 | Snake:4  | Received a gift from Okawaru
 73294 | Snake:4  | Received a gift from Okawaru
 73460 | Snake:4  | HP: 8/214 [nagaraja/+0 spear (19)]
 73466 | Snake:4  | HP: 3/214 [nagaraja/poison arrow (8)]
 73473 | Snake:4  | HP: 10/214 [nagaraja/splash of poison (1)]
 73478 | Snake:4  | HP: 9/214 [poisoned by a nagaraja (splash of poison)]
 73484 | Snake:4  | HP: 8/214 [poisoned by a nagaraja (splash of poison)]
 73490 | Snake:4  | HP: 3/214 [shock serpent/bolt of electricity[the player
                  | character] (6)]
 75011 | D:15     | Identified the ring "Yricyore" {MP+9 Stlth+} (You found it
                  | in a treasure trove)
 76684 | Snake:4  | Reached skill level 19 in Fighting
 76882 | Snake:4  | Found Xiniu's Antique Weapon Shoppe.
 77125 | Snake:4  | Got a serpentine rune of Zot
 77648 | Vaults:1 | Entered Level 1 of the Vaults
 77669 | D:14     | Received a gift from Okawaru
 78831 | Vaults:1 | Received a gift from Okawaru
 78910 | Vaults:1 | Received a gift from Okawaru
 78952 | Vaults:1 | Noticed a Tzitzimitl
 79511 | Vaults:1 | Received a gift from Okawaru
 80117 | Vaults:1 | Found a radiant altar of Vehumet.
 80154 | Vaults:1 | Got a bloodstained hat
 80206 | Vaults:1 | Identified the +2 hat of Generosity {MR+} (You found it on
                  | level 1 of the Vaults)
 80682 | Vaults:1 | Reached XP level 20. HP: 226/226 MP: 29/29
 81917 | Vaults:2 | Reached skill level 5 in Armour
 82448 | Vaults:2 | Reached skill level 20 in Fighting
 83449 | D:15     | Identified the amulet of Trog's Brutal Revenge {Regen+
                  | Slay+2} (You found it in a treasure trove)
 84230 | Vaults:2 | Received a gift from Okawaru
 84797 | Vaults:3 | Received a gift from Okawaru
 84802 | Vaults:3 | Found Restroxt's Book Boutique.
 85453 | Vaults:3 | Reached skill level 10 in Invocations
 85627 | Vaults:3 | Found Bian Ycu's Antique Armour Emporium.
 86058 | Vaults:3 | Reached XP level 21. HP: 221/240 MP: 30/30
 86172 | Vaults:3 | Found Pugokk's Antique Weapon Shoppe.
 86227 | Vaults:3 | Reached skill level 21 in Fighting
 86400 | Vaults:3 | Received a gift from Okawaru
 86476 | Vaults:3 | Got a transparent hand axe {god gift}
 86478 | Vaults:3 | Identified the +3 hand axe "Luqom" {pain, +Blink rPois rF+
                  | Str+3} (Okawaru gifted it to you on level 3 of the Vaults)
 86775 | Vaults:3 | Found a staircase to the Crypt.
 87071 | Vaults:3 | Found Sisakes's Magic Scroll Shoppe.
 87078 | Vaults:3 | Bought a scroll of blinking for 112 gold pieces
 87078 | Vaults:3 | Bought a scroll of enchant weapon for 112 gold pieces
 87078 | Vaults:3 | Bought a scroll of enchant armour for 112 gold pieces
 88131 | Vaults:4 | Received a gift from Okawaru
 88749 | Vaults:4 | Received a gift from Okawaru
 89322 | Vaults:5 | Entered Level 5 of the Vaults
 89705 | Depths:1 | Entered Level 1 of the Depths
 89707 | Depths:1 | Noticed Aizul
 89717 | D:15     | Killed Aizul
 89738 | Depths:1 | Noticed Agnes
 89760 | D:15     | Killed Agnes
 89780 | Depths:1 | Reached skill level 10 in Armour
 89820 | Depths:1 | Noticed Asterion
 89834 | Depths:1 | Killed Asterion
 89902 | Depths:1 | Noticed Frederick
 89977 | Depths:1 | Killed Frederick
 89977 | Depths:1 | Received a gift from Okawaru
 89977 | Depths:1 | Reached skill level 22 in Fighting
 90363 | Depths:1 | Reached XP level 22. HP: 178/254 MP: 31/31
 90466 | Depths:1 | Got an ancient robe {god gift}
 90510 | Depths:1 | Found a one-way gate to the infinite horrors of the Abyss.
 90572 | Depths:1 | Found Qogruomn's Jewellery Emporium.
 90583 | Depths:1 | Found a gateway to Hell.
 90715 | Depths:1 | Found a one-way gate leading to the halls of Pandemonium.
 91153 | Depths:2 | Noticed Mara
 91156 | Depths:2 | Noticed CanOfBees's illusion
 91192 | Depths:2 | Killed Mara
 91201 | Depths:2 | Found Haanual's Gadget Shoppe.
 91207 | Depths:2 | Found Ucoxu's Jewellery Shop.
 91237 | Depths:2 | Found Ibrozyeb's Gadget Shoppe.
 91670 | Depths:2 | Identified the +5 faerie dragon scales {rPois MR- Regen+
                  | rCorr Dex+3}
 91670 | Depths:2 | Noticed the Enchantress
 91691 | Depths:2 | Received a gift from Okawaru
 91703 | Depths:2 | Killed the Enchantress
 91727 | Depths:2 | Received a gift from Okawaru
 91934 | Depths:2 | Found a runed translucent door.
 91945 | Depths:2 | Noticed ICEMaiden's ghost (adept GnWz)
 92112 | Depths:2 | Noticed Saint Roka
 92135 | Depths:2 | Killed Saint Roka
 92135 | Depths:2 | Reached skill level 23 in Fighting
 92416 | Depths:2 | Noticed Nikola
 92426 | Depths:2 | Killed Nikola
 92683 | Depths:2 | Found a runed door.
 93164 | Depths:2 | Noticed an ancient lich
 93165 | Depths:2 | Noticed an ancient lich
 93177 | Depths:2 | Killed an ancient lich
 93183 | Depths:2 | Killed an ancient lich
 93183 | Depths:2 | Received a gift from Okawaru
 93230 | Depths:2 | Identified the Tome of the Entourage
 93290 | Depths:2 | Reached XP level 23. HP: 262/269 MP: 32/32
 93785 | Vaults:3 | Bought a scroll of identify for 30 gold pieces
 93785 | Vaults:3 | Bought a scroll of identify for 30 gold pieces
 93785 | Vaults:3 | Bought a scroll of summoning for 142 gold pieces
 93785 | Vaults:3 | Bought a scroll of identify for 30 gold pieces
 94019 | Depths:2 | Killed ICEMaiden's ghost
 94019 | Depths:2 | Received a gift from Okawaru
 94120 | Depths:2 | Reached skill level 15 in Throwing
 94223 | Depths:3 | Received a gift from Okawaru
 94922 | Depths:3 | Found a runed translucent door.
 95025 | Depths:3 | Found the +9 staff of Wucad Mu {channel}
 95076 | Depths:3 | Reached skill level 24 in Fighting
 95450 | Depths:3 | Identified Cofienwee's Catalogue of Boosting Fire
 96693 | Depths:4 | Received a gift from Okawaru
 96995 | Depths:4 | Received a gift from Okawaru
 97429 | Depths:4 | Reached XP level 24. HP: 284/284 MP: 32/32
 97434 | Depths:4 | Received a gift from Okawaru
 97666 | Depths:4 | Received a gift from Okawaru
 97881 | Depths:4 | Got an ancient broad axe {god gift}
 97883 | Depths:4 | Identified the +2 broad axe of Disaster {chop, rF+}
                  | (Okawaru gifted it to you on level 4 of the Depths)
 97906 | Depths:4 | Identified the ring "Bautso" {Fire *Contam Str+2 SInv} (You
                  | found it on level 4 of the Depths)
 98376 | Depths:5 | Entered Level 5 of the Depths
 98377 | Depths:5 | Reached skill level 25 in Fighting
 98421 | Depths:5 | Noticed a juggernaut
 98435 | Depths:4 | Killed a juggernaut
 98449 | Depths:5 | Noticed Jory
 98477 | Depths:4 | Killed Jory
 98827 | Depths:5 | Received a gift from Okawaru
 99183 | Depths:5 | Received a gift from Okawaru
 99197 | Depths:5 | Noticed Mennas
 99535 | Depths:5 | Noticed Boris
 99540 | Depths:5 | Killed Mennas
 99543 | Depths:5 | Killed Boris
 99543 | Depths:5 | Received a gift from Okawaru
 99925 | Depths:5 | Found a gate to the Realm of Zot.
 99930 | Depths:5 | Received a gift from Okawaru
100183 | Depths:5 | Found a gateway to a ziggurat.
101053 | Slime:1  | Entered Level 1 of the Pits of Slime
101411 | Slime:1  | Gained mutation: [Scrolls take you a little longer to
                  | read.] [mutagenic glow]
101737 | Slime:1  | Reached XP level 25. HP: 287/297 MP: 32/32
102389 | Lair:5   | Killed Pyaxtot's ghost
102490 | Lair:1   | Lost mutation: [Scrolls take you a little longer to read.]
                  | [potion of mutation]
102490 | Lair:1   | Gained mutation: You are frail. (-10% HP) [potion of
                  | mutation]
102490 | Lair:1   | Gained mutation: Your movements are slightly less
                  | encumbered by armour. (ER -2) [potion of mutation]
103672 | Depths:1 | Identified the +1 robe "Sirgheupu" {rElec rN+} (Okawaru
                  | gifted it to you on level 1 of the Depths)
104001 | Depths:5 | Voluntarily entered the Abyss.
104056 | Abyss:1  | Reached skill level 15 in Dodging
104331 | Abyss:1  | Reached skill level 26 in Fighting
104780 | Abyss:1  | Received a gift from Okawaru
105107 | Abyss:1  | Received a gift from Okawaru
105116 | Abyss:1  | Identified the +1 robe of Vaosmom {Int+4} (Okawaru gifted
                  | it to you on level 1 of the Abyss)
105202 | Abyss:1  | Gained mutation: Armour fits poorly on your strangely
                  | shaped body. [a neqoxec]
105449 | Abyss:1  | Found a corrupted altar of Lugonu.
106862 | Abyss:1  | Gained mutation: Potions are less effective at restoring
                  | your health. [a neqoxec]
107015 | Abyss:1  | Found a corrupted altar of Lugonu.
107221 | Abyss:1  | Found a corrupted altar of Lugonu.
107427 | Abyss:1  | Found a corrupted altar of Lugonu.
107533 | Abyss:1  | Reached XP level 26. HP: 245/278 MP: 22/25
107554 | Abyss:1  | Received a gift from Okawaru
107667 | Abyss:1  | Gained mutation: Your magical capacity is low. (-10% MP) [a
                  | neqoxec]
107669 | Abyss:1  | Gained mutation: [Scrolls take you a little longer to
                  | read.] [a neqoxec]
107710 | Abyss:1  | Paralysed by accursed screaming for 1 turns
107740 | Abyss:1  | Received a gift from Okawaru
107810 | Depths:5 | Escaped the Abyss
107943 | Depths:5 | Voluntarily entered the Abyss.
108041 | Abyss:1  | Gained mutation: [Scrolls take you longer to read.] [a
                  | neqoxec]
108314 | Depths:5 | Escaped the Abyss
108594 | Depths:5 | Voluntarily entered the Abyss.
108646 | Abyss:1  | Found a corrupted altar of Lugonu.
108864 | Abyss:1  | Found a corrupted altar of Lugonu.
108947 | Abyss:1  | Gained mutation: Your body sometimes deteriorates upon
                  | taking damage. [a neqoxec]
108950 | Abyss:1  | Gained mutation: [Scrolls take you much longer to read.] [a
                  | neqoxec]
109346 | Abyss:1  | Received a gift from Okawaru
109414 | Abyss:1  | Paralysed by accursed screaming for 1 turns
109465 | Abyss:1  | Found a corrupted altar of Lugonu.
109729 | Abyss:1  | Reached ****** piety under Okawaru
110441 | Abyss:3  | Lost mutation: You are weak. (Str -2) [potion of mutation]
110441 | Abyss:3  | Lost mutation: Your body sometimes deteriorates upon taking
                  | damage. [potion of mutation]
110441 | Abyss:3  | Lost mutation: [Scrolls take you much longer to read.]
                  | [potion of mutation]
110441 | Abyss:3  | Lost mutation: [Scrolls take you longer to read.] [potion
                  | of mutation]
110441 | Abyss:3  | Lost mutation: [Scrolls take you a little longer to read.]
                  | [potion of mutation]
110441 | Abyss:3  | Gained mutation: You have large cloven feet. [potion of
                  | mutation]
110441 | Abyss:3  | Gained mutation: Your muscles are strong. (Str +2) [potion
                  | of mutation]
110529 | Abyss:3  | Paralysed by you for 5 turns
110791 | Abyss:3  | Found a deep blue altar of Sif Muna.
110825 | Abyss:3  | Identified Sif Muna's Almanac of Feathers
110841 | Abyss:3  | HP: 16/417 [thrashing horror (5)]
110847 | Abyss:3  | HP: 8/417 [thrashing horror (3)]
110851 | Abyss:3  | Identified the Volume of the Frostbite
110855 | Abyss:3  | Identified Agoefe's Handbook of Execration
110870 | Abyss:3  | HP: 12/278 [ufetubus[a ynoxinul] (2)]
110876 | Abyss:3  | Killed from afar by a ynoxinul

Levels and vault maps discovered:
D:1:      lemuel_arrival_room, layout_rooms
D:2:      layout_loops_ring, grunt_gozag_breadcrumbs, first_ration
D:3:      layout_basic, portal_sewer_entry_b, lemuel_tele_altar
D:4:      layout_basic, minitemple, serial_shops, shop, uniq_sigmund
D:5:      layout_cave_pods
D:6:      layout_gridville, old_standard_altar
D:7:      layout_loops_ring, lemuel_mausoleum_altar_yredelemnul,
          nicolae_overflow_crystal_walls, minmay_temple_entry_large_hall,
          hangedman_decor_lopped
D:8:      layout_cave_pods, chequers_temple_overflow_statue_of_worship,
          uniq_joseph, uniq_maurice, uniq_harold
D:9:      layout_long_grid, grunt_temple_overflow_magic_moments,
          elyvilon_altar_4
D:10:     cheibrodos_statue_roulette, layout_cave_pods, lair_entry_dummy,
          zombieorc2_lemuel, hangedman_pestilent_swarm, uniq_nergalle
D:11:     layout_loops_ring, minmay_unpleasant_kobolds
D:12:     layout_rooms, gammafunk_ghost_hydra_chop
D:13:     layout_basic
D:14:     layout_small_grid, lightli_vaults_fourway_checkpoint,
          gauntlet_entry_generic, minmay_guarded_unrand_prune
D:15:     hangedman_depths_entry_try_elsewhere_first, layout_basic,
          nicolae_trove_entry_crystal
Lair:1:   layout_misc_corridors, infiniplex_staircase_pool_2
Lair:2:   layout_chaotic_city
Lair:3:   layout_roguey, minmay_snake_entry_six_corridors,
          minmay_lair_oklob_chamber
Lair:4:   layout_misc_corridors, skrybe_swamp_entry_bodies
Lair:5:   layout_cave_pods, gammafunk_ghost_hydra_chop
Lair:6:   minmay_lair_end_enchanted_forest, layout_cave_pods, slime_altar_1
Swamp:1:  layout_basic_swamp, lemuel_altar_in_water
Swamp:2:  layout_basic_swamp, evilmike_swamp_ruin_house_6
Swamp:3:  layout_falls_marsh, nicolae_swamp_round_clearing, swamp_pool1,
          infiniplex_staircase_pool
Swamp:4:  swamp_old_school, layout_basic_swamp, swamp_pool4,
          hangedman_swamp_blocks
Snake:1:  layout_grid_maze, serial_bayou_shore_a, grunt_megastairs_2
Snake:2:  layout_chambers, ebering_ghost_inner_flame, st_stairs_9,
          statue_in_the_mist_lemuel, nicolae_snake_biting_tails, abandoned_shop,
          corexii_hall_statues_t
Snake:3:  layout_grid_shapes, basic_altar, serial_shops, shop
Snake:4:  grunt_snake_rune_serpentine_throne, layout_onion, serial_shops, shop,
          nicolae_snake_squiggles
Slime:1:  layout_caves, nicolae_slime_phagocytosis
Orc:1:    layout_caves, uniq_erolcha, uniq_jorgrun
Orc:2:    grunt_orc_community_town_hall, layout_caves,
          grunt_orc_community_big_house_2, grunt_orc_community_big_house_2,
          grunt_orc_community_house_2, grunt_orc_community_house_2,
          grunt_orc_community_house_2, grunt_orc_community_house_2,
          grunt_orc_community_house_1, grunt_orc_community_house_3,
          lightli_orcish_oven
Vaults:1: grunt_tower_of_power, v_misc_10, hangedman_vaults_impose,
          nicolae_vaults_little_squares_6, ontoclasm_vaults_ring_large,
          nicolae_vaults_inception_statues, nicolae_vaults_theta, v_misc_32,
          vaults_room_grunt_arrival_checkpoint, v_misc_33, v_alt_pattern_1,
          v_rooms_4, nicolae_vaults_diagonal_hallway_6,
          nicolae_vaults_network_star, layout_vaults_maze_bifur
Vaults:2: nicolae_vaults_lopsided_apartments, vaults_mumra_minichess_inversion,
          vaults_mumra_minichess, nicolae_vaults_ninety_degrees, v_misc_27,
          v_misc_23, vaults_standard_mumra_lines, v_pattern_2,
          nicolae_vaults_diagonal_hallway_6, vaults_room_stairs_pillars,
          ontoclasm_vaults_tryst, layout_vaults_big_room
Vaults:3: nicolae_vaults_little_squares_4, ontoclasm_vaults_spin,
          nicolae_vaults_circle_grid_a, vaults_room_pool, vaults_room_boxed,
          nicolae_vaults_branching_niches, v_misc_1,
          hangedman_vaults_river_flow, vaults_mumra_lcd,
          nicolae_vaults_border_crossing, minmay_crypt_entry_simple_round,
          nicolae_vaults_yaktaur_gun_rack, nicolae_vaults_little_ls,
          layout_vaults_omnibox, serial_shops, shop, shop_coins, shop_statue,
          nicolae_shop_window_shopping
Vaults:4: v_misc_10, grunt_vaults_trifunnel, vaults_room_large_hall,
          vaults_dpeg_spiral, vaults_standard_mumra_enter_the_diamond,
          nicolae_vaults_three_branches, ontoclasm_vaults_fault,
          vaults_dpeg_ring, hangedman_vaults_cutoff, layout_vaults_omnicross
Vaults:5
Depths:1: layout_cave_pools, rand_demon_pan_entry_7,
          hangedman_abyss_entry_splay, serial_shops, shop, hell_entry,
          sword_in_stone, uniq_aizul
Depths:2: evilmike_wizard_prison, layout_gridlike,
          grunt_hell_entry_demonic_statue, rand_demon_pan_entry_8,
          ebering_ghost_inner_flame, infiniplex_staircase_zigzag_5,
          minmay_shop_grove, uniq_saint_roka, uniq_enchantress, uniq_mara,
          uniq_nikola
Depths:3: minmay_the_grid_triangle_9x9_recursive_2_mashed
          [minmay_the_grid_triangle_9x9_prize_insulated,
          minmay_the_grid_triangle_9x9_negative_grid,
          minmay_the_grid_triangle_9x9_stretched_checkered,
          minmay_the_grid_triangle_9x9_subtriangle], layout_cave_pools,
          abyss_entry_small_statue_room, rand_demon_pan_entry_9, hell_entry,
          kilobyte_rumbling_trees
Depths:4: cheibrodos_poisonous_passages, layout_cave_shapes, grunt_decor_cap,
          minmay_room_of_horrors, pf_hell_entry_tar_spiral,
          minmay_misc_feat_iff, infiniplex_staircase_x, serial_bayou_shore_b
Depths:5: grunt_zot_entry_bicorn, layout_small_grid, enter_ziggurat_a,
          abyss_entry, minmay_misc_feat_tiny, pf_hell_entry_great_geh,
          eino_tiny_chamber, hangedman_decor_clover_reticule,
          infiniplex_staircase_pool_lava, uniq_boris, uniq_frederick,
          uniq_mennas, uniq_jory
Abyss:3:  evilmike_abyss_exit_4, minivault_13

Skill      XL: |  1  2  3  4  5  6  7  8  9 10 11 12 13 14 15 16 17 18 19 20 21 22 23 24 25 26 |
---------------+-------------------------------------------------------------------------------+-----
Fighting       | 3 4 5 6 7 9 10 11 12 14 15 16 17 18 19 20 22 23 24 25 26 | 26.0
Dodging        | 2 3 4 5 6 7 8 9 10 11 13 14 17 18 | 18.4
Axes           | 1 2 3 4 6 7 8 9 10 11 12 13 15 17 18 | 18.0
Throwing       | 5 6 7 8 9 10 11 12 13 14 16 17 18 20 | 20.5
Invocations    | 1 4 7 8 10 | 10.0
Shields        | 3 5 6 9 10 13 15 | 15.0
Armour         | 4 7 10 | 10.0
Spellcasting   | 1 4 5 6 |  6.1
Translocations | 2 4 |  4.1
Transmutations | 2 4 |  4.0
Stealth        | |  0.6

Action                   |  1- 3 |  4- 6 |  7- 9 | 10-12 | 13-15 | 16-18 | 19-21 | 22-24 | 25-27 || total
-------------------------+-------+-------+-------+-------+-------+-------+-------+-------+-------++-------
Melee: Short sword       |    48 |       |       |       |       |       |       |       |       ||    48
       Hand axe          |     6 |   214 |   276 |   476 |   526 |       |       |       |       ||  1498
       Glaive            |       |       |       |    21 |       |       |       |       |       ||    21
       Broad axe         |       |       |       |       |   285 |  1283 |  1224 |   767 |  1220 ||  4779
       Whip              |       |       |       |       |    20 |       |       |       |       ||    20
       Morningstar       |       |       |       |       |    14 |       |       |       |       ||    14
       Flail             |       |       |       |       |       |     4 |       |       |       ||     4
       Sacred scourge    |       |       |       |       |       |       |       |     5 |       ||     5
       Kick              |       |       |       |       |       |       |       |       |    55 ||    55
Throw: Stone             |   127 |    52 |   106 |   133 |   134 |    43 |    22 |       |       ||   617
       Dart              |       |    28 |    98 |    37 |   100 |    82 |    88 |     4 |       ||   437
       Large rock        |       |       |    17 |    43 |    93 |   285 |   202 |   475 |   137 ||  1252
       Boomerang         |       |       |     9 |   150 |       |   204 |    76 |       |       ||   439
       Throwing net      |       |       |     1 |     5 |       |       |       |       |       ||     6
       Javelin           |       |       |       |    10 |     8 |   173 |   141 |   116 |   220 ||   668
 Cast: Apportation       |       |       |       |       |    17 |     4 |     7 |     7 |       ||    35
       Sticks to Snakes  |       |       |       |       |       |     3 |       |       |       ||     3
Invok: Heroism           |       |       |       |    16 |    10 |    30 |    20 |    15 |    10 ||   101
       Finesse           |       |       |       |     5 |    10 |     8 |    13 |    13 |     7 ||    56
Evoke: Wand              |       |       |     4 |     7 |    27 |    34 |    13 |     4 |     1 ||    90
       Box of beasts     |       |       |       |       |       |       |     3 |       |       ||     3
  Use: Scroll            |       |     5 |     5 |    17 |    17 |    22 |    15 |     9 |     3 ||    93
       Potion            |       |     1 |       |       |     9 |    16 |     6 |     4 |     3 ||    39
 Stab: Sleeping          |       |       |     1 |     1 |     1 |       |       |       |       ||     3
       Confused          |       |       |       |       |       |     1 |       |       |       ||     1
       Distracted        |       |       |       |       |       |       |       |       |     2 ||     2
  Eat: Chunk             |     2 |    12 |    19 |    23 |    33 |    49 |    43 |    19 |     9 ||   209
       Ration            |       |       |     1 |     5 |     3 |    17 |     4 |     5 |     6 ||    41
Armor: Robe              |    28 |    45 |    33 |    60 |    94 |     5 |       |       |       ||   265
       Skin              |       |       |       |       |     5 |       |       |       |       ||     5
       Fire dragon scale |       |       |       |       |       |   257 |    54 |       |       ||   311
       Swamp dragon scal |       |       |       |       |       |    48 |       |       |       ||    48
       Gold dragon scale |       |       |       |       |       |       |   303 |   214 |   299 ||   816
       Acid dragon scale |       |       |       |       |       |       |       |    41 |       ||    41
Dodge: Dodged            |    40 |    98 |   158 |   266 |   590 |   720 |   289 |   315 |   379 ||  2855
Block: Shield            |       |       |       |   238 |   506 |   109 |       |   142 |       ||   995
       Large shield      |       |       |       |       |    17 |  1358 |  1225 |   676 |  1186 ||  4462

Table legend:
 A = Non-vault XP
 B = Vault XP
 C = Vault XP percentage of total XP
 D = Non-vault monster count
 E = Vault monster count
 F = Vault count percentage of total count
                 A         B        C        D         E       F
            +---------+---------+-------+---------+---------+-------
      Total |  781804 |  424441 |  35.2 |    1755 |     686 |  28.1
            +---------+---------+-------+---------+---------+-------
        D:1 |      48 |       0 |   0.0 |      27 |       0 |   0.0
        D:2 |     232 |       0 |   0.0 |      30 |       0 |   0.0
        D:3 |     122 |      21 |  14.7 |      26 |       7 |  21.2
        D:4 |     446 |     231 |  34.1 |      16 |       1 |   5.9
        D:5 |     678 |       0 |   0.0 |      17 |       0 |   0.0
        D:6 |     888 |       0 |   0.0 |      34 |       0 |   0.0
        D:7 |     903 |     746 |  45.2 |      20 |      12 |  37.5
        D:8 |     681 |    1948 |  74.1 |      11 |       3 |  21.4
        D:9 |    1122 |       0 |   0.0 |      21 |       0 |   0.0
       D:10 |    3701 |    3826 |  50.8 |      37 |      46 |  55.4
       D:11 |    4418 |     102 |   2.3 |      35 |       6 |  14.6
       D:12 |    3115 |       0 |   0.0 |      26 |       0 |   0.0
       D:13 |    8120 |       0 |   0.0 |      27 |       0 |   0.0
       D:14 |    8885 |   11986 |  57.4 |      36 |      19 |  34.5
       D:15 |   12202 |    9178 |  42.9 |      32 |       8 |  20.0
     Lair:1 |    4288 |       0 |   0.0 |      21 |       0 |   0.0
     Lair:2 |    5629 |     460 |   7.6 |      26 |       1 |   3.7
     Lair:3 |    6161 |    1982 |  24.3 |      19 |      14 |  42.4
     Lair:4 |    7457 |       0 |   0.0 |      27 |       0 |   0.0
     Lair:5 |   10800 |    5971 |  35.6 |      39 |      20 |  33.9
     Lair:6 |    8854 |    5157 |  36.8 |      24 |      28 |  53.8
    Swamp:1 |    7056 |       0 |   0.0 |      17 |       0 |   0.0
    Swamp:2 |   11290 |       0 |   0.0 |      33 |       0 |   0.0
    Swamp:3 |   17670 |    1015 |   5.4 |      34 |       1 |   2.9
    Swamp:4 |    9394 |   20423 |  68.5 |      15 |      23 |  60.5
    Snake:1 |   14467 |    1017 |   6.6 |      28 |       2 |   6.7
    Snake:2 |   16584 |    1772 |   9.7 |      33 |       2 |   5.7
    Snake:3 |   25979 |       0 |   0.0 |      49 |       0 |   0.0
    Snake:4 |   18304 |   40351 |  68.8 |      36 |      62 |  63.3
    Slime:1 |   22313 |     244 |   1.1 |      28 |       1 |   3.4
      Orc:1 |    5329 |    4101 |  43.5 |      46 |       4 |   8.0
      Orc:2 |    4701 |    8453 |  64.3 |      32 |      79 |  71.2
   Vaults:1 |    9711 |   22839 |  70.2 |      21 |      38 |  64.4
   Vaults:2 |   27512 |   36762 |  57.2 |      61 |      44 |  41.9
   Vaults:3 |   16222 |   34845 |  68.2 |      33 |      42 |  56.0
   Vaults:4 |   23285 |   16559 |  41.6 |      41 |      23 |  35.9
   Depths:1 |   25948 |   14381 |  35.7 |      30 |       9 |  23.1
   Depths:2 |   41116 |   79911 |  66.0 |      54 |      73 |  57.5
   Depths:3 |   54956 |   25875 |  32.0 |      68 |      25 |  26.9
   Depths:4 |   46424 |   37416 |  44.6 |      47 |      35 |  42.7
   Depths:5 |   29961 |   35380 |  54.1 |      24 |      16 |  40.0
    Abyss:1 |  215846 |     787 |   0.4 |     379 |       1 |   0.3
    Abyss:2 |    2274 |       0 |   0.0 |       4 |       0 |   0.0
    Abyss:3 |   46712 |     543 |   1.1 |      91 |       1 |   1.1
      Sewer |       0 |     159 | 100.0 |       0 |      40 | 100.0
            +---------+---------+-------+---------+---------+-------
